 Dungeon Sprint DCSS version 0.17.1-3-g152610e (webtiles) character file.

2380 Kokonut the Grappler (level 9, -2/150 (153) HPs)
             Began as a Troll Berserker on Feb 26, 2016.
             Was an Elder of Trog.
             Incinerated by a hell hog (7 damage)
             ... with a sticky flame
             ... in the Dungeon (Sprint II: "The Violet Keep of Menkaure").
             The game lasted 00:08:37 (576 turns).

Kokonut the Grappler (Troll Berserker)               Turns: 576, Time: 00:08:37

HP:   -2/150 (153)  AC:  7    Str: 32    XL:     9   Next: 22%
MP:   8/8           EV: 15    Int:  3    God:    Trog [****..]
Gold: 909           SH:  0    Dex: 12    Spells: 0 memorised, 8 levels left

rFire  . . .     SeeInvis .       - Unarmed
rCold  . . .     Clarity  .     j - +2 robe {MR+}
rNeg   . . .     SustAt   .     (no shield)
rPois  .         Gourm    +     (helmet restricted)
rElec  .         Spirit   .     (no cloak)
rCorr  .         Warding  .     (gloves unavailable)
rMut   .         NoTele   +     (boots unavailable)
MR     +....                    (no amulet)
Stlth  ..........               (no ring)
                                (no ring)

@: berserking (expiring), liquid flames, slowed, lost intelligence, glowing,
somewhat resistant to hostile enchantments, extremely unstealthy
A: unfitting armour, claws 3, fast metabolism 3, gourmand, regeneration 2,
shaggy fur 1, tough skin 2
a: Berserk, Trog's Hand, Brothers in Arms, Burn Spellbooks, Renounce Religion


You were in the Dungeon.
You worshipped Trog.
Trog was greatly pleased with you.
You were full.

You visited 1 branch You collected 985 gold pieces.
You spent 76 gold pieces at shops.

Inventory:

Armour
 a - a +0 animal skin
 j - a +2 robe of magic resistance (worn)
 k - a +0 robe
Scrolls
 h - a scroll of blinking
 i - a scroll of magic mapping {unknown}
Potions
 c - a potion of curing
 d - a potion of heal wounds
 e - a potion of haste
 f - 2 potions of magic
 g - a potion of berserk rage
Comestibles
 b - 2 bread rations


   Skills:
 + Level 10.6 Fighting
 + Level 10.6 Dodging
 + Level 12.4 Unarmed Combat


You had 8 spell levels left.
You didn't know any spells.

Dungeon Overview and Level Annotations

Branches:
Dungeon (1/1)

Altars:
Cheibriados
Dithmenos
Elyvilon
Fedhas
Gozag
Kikubaaqudgha
Makhleb
Nemelex Xobeh
Okawaru
Ru
Sif Muna
Vehumet
Xom
Yredelemnul
Zin
The Shining One
Jiyva
Lugonu

Shops:
D [!:!:=[?:=[(%%%}

Annotations:
D exclusions: oklob plant and orange crystal statue


Innate Abilities, Weirdness & Mutations

You are too large for most types of armour.
You have claws for hands.
Your metabolism is lightning-fast.
You like to eat raw meat.
You heal very quickly.
You are covered in fur (AC +1).
You have very tough skin (AC +2).


Message History

Your experience leads to an increase in your attributes!
Your base attributes are Str 26, Int 3, Dex 11.
Increase (S)trength, (I)ntelligence, or (D)exterity?
You feel agile.
You feel stronger.
You are covered in liquid flames!
* * * LOW HITPOINT WARNING * * *
You are covered in liquid flames!
* * * LOW HITPOINT WARNING * * *
You now have enough gold to buy the ring "Leutadwu" {-Tele rElec rPois rF+++ Int+3} on this level.
You can access your shopping list by pressing '$'.
You now have 909 gold pieces (gained 13).
You are covered in liquid flames!
* * * LOW HITPOINT WARNING * * *
You are too berserk!
You feel a strong urge to attack something.
You are covered in liquid flames!
* * * LOW HITPOINT WARNING * * *
You are too berserk!
You are covered in liquid flames!
You die...

## ≈§ ≈#+++#+++## .. ≈...
....# .. ≈≈.##+##..# #.
≈≈##.#.##.#### .###
≈≈#..#..#....# ...#
####.†.####..#####..#
#.###+###.##..#$††..#
.#.##.##...#..#.@#..# #
##.'.<.')#.+..####..##.#
#..##.##...#....###...##▓▓
#.###'###.##......≈≈≈≈≈≈≈≈≈
####..#####≈≈.....≈#+######
†≈#..##.#≈≈≈≈≈≈≈.§≈#_._._..
#≈##.#.##§≈§≈≈≈≈≈§≈#._._._.
#≈≈##+##≈≈≈≈≈§≈≈≈≈§#_._._._
##≈≈≈≈≈≈≈≈≈§§≈≈≈≈≈§#._._._.


There were no monsters in sight!

Vanquished Creatures
  2 hell hogs (D)
  A siren (D)
  A vampire mosquito (D)
  Menkaure (D)
  4 necrophages (D)
  A crocodile (D)
  4 brain worms (D)
  3 worms (D)
17 creatures vanquished.

Notes
Turn   | Place    | Note
--------------------------------------------------------------
     0 | D        | Kokonut the Troll Berserker began the quest for the Orb.
     0 | D        | Reached XP level 1. HP: 22/22 MP: 0/0
     1 | D        | Noticed a necrophage
     1 | D        | Noticed a necrophage
     1 | D        | Noticed a necrophage
     1 | D        | Noticed a necrophage
     5 | D        | Killed a necrophage
     5 | D        | Reached skill level 4 in Fighting
     5 | D        | Reached skill level 5 in Unarmed Combat
     5 | D        | Reached XP level 2. HP: 31/31 MP: 1/1
     5 | D        | Reached XP level 3. HP: 38/38 MP: 2/2
     5 | D        | Reached XP level 4. HP: 47/47 MP: 3/3
    11 | D        | Killed a necrophage
    11 | D        | Reached skill level 5 in Fighting
    11 | D        | Reached skill level 5 in Dodging
    11 | D        | Reached skill level 6 in Unarmed Combat
    11 | D        | Reached XP level 5. HP: 47/57 MP: 4/4
    12 | D        | Killed a necrophage
    12 | D        | Reached skill level 7 in Unarmed Combat
    15 | D        | Killed a necrophage
    15 | D        | Reached skill level 8 in Unarmed Combat
    15 | D        | Reached XP level 6. HP: 51/66 MP: 5/5
    58 | D        | Noticed a siren
    66 | D        | Killed a siren
    66 | D        | Reached skill level 9 in Unarmed Combat
    66 | D        | Reached XP level 7. HP: 73/78 MP: 6/6
    81 | D        | Reached ** piety under Trog
   108 | D        | Noticed a brain worm
   108 | D        | Noticed a brain worm
   108 | D        | Noticed a brain worm
   108 | D        | Noticed a brain worm
   108 | D        | Lost intelligence.
   117 | D        | Killed a brain worm
   118 | D        | Killed a brain worm
   118 | D        | Reached *** piety under Trog
   118 | D        | Reached skill level 10 in Unarmed Combat
   121 | D        | Killed a brain worm
   125 | D        | Killed a brain worm
   366 | D        | Found Loukkeg's Jewellery Emporium.
   366 | D        | Found Jigok's Antique Weapon Emporium.
   366 | D        | Found Ethe's Magic Scroll Shoppe.
   366 | D        | Found Maothoet's Food Emporium.
   366 | D        | Found Awaceuwk's Book Shoppe.
   366 | D        | Found Eleceybe's Gadget Emporium.
   366 | D        | Found Ewuered's Antique Armour Shoppe.
   366 | D        | Found Reifuukk's Food Shoppe.
   366 | D        | Found Wanaesas's Food Shoppe.
   367 | D        | Found Jixamos's Antique Armour Shoppe.
   367 | D        | Found Zootsyif's Jewellery Emporium.
   367 | D        | Noticed Menkaure
   367 | D        | Noticed a crocodile
   367 | D        | Noticed a death yak
   371 | D        | Killed a crocodile
   375 | D        | Killed Menkaure
   375 | D        | Reached **** piety under Trog
   375 | D        | Reached XP level 8. HP: 70/90 MP: 7/7
   378 | D        | Noticed an iron elemental
   403 | D        | Noticed a vampire mosquito
   406 | D        | Killed a vampire mosquito
   416 | D        | Noticed an orange crystal statue
   458 | D        | Found Quryez's Book Emporium.
   458 | D        | Found Nulefueg's Distillery.
   458 | D        | Noticed an oklob plant
   459 | D        | Found Zaiw's Distillery.
   459 | D        | Found Feb Tiuti's Book Shoppe.
   459 | D        | Found Meuhy's Antique Armour Emporium.
   476 | D        | Bought a glowing robe for 17 gold pieces
   482 | D        | Bought a glowing robe for 17 gold pieces
   507 | D        | Bought a scroll of remove curse for 42 gold pieces
   555 | D        | Found a blossoming altar of Fedhas.
   555 | D        | Found a glowing silver altar of Zin.
   556 | D        | Found a shadowy altar of Dithmenos.
   556 | D        | Found an iron altar of Okawaru.
   557 | D        | Found a snail-covered altar of Cheibriados.
   557 | D        | Found a sparkling altar of Nemelex Xobeh.
   557 | D        | Found a glowing golden altar of the Shining One.
   558 | D        | Found a shimmering altar of Xom.
   558 | D        | Found a burning altar of Makhleb.
   558 | D        | Found a basalt altar of Yredelemnul.
   559 | D        | Found a sacrificial altar of Ru.
   559 | D        | Found a deep blue altar of Sif Muna.
   559 | D        | Found a radiant altar of Vehumet.
   560 | D        | Found a viscous altar of Jiyva.
   560 | D        | Found a corrupted altar of Lugonu.
   560 | D        | Found an ancient bone altar of Kikubaaqudgha.
   561 | D        | Found an opulent altar of Gozag.
   561 | D        | Found a white marble altar of Elyvilon.
   564 | D        | Noticed a hell hog
   569 | D        | Killed a hell hog
   569 | D        | Reached skill level 10 in Fighting
   569 | D        | Reached skill level 10 in Dodging
   569 | D        | Reached skill level 11 in Unarmed Combat
   570 | D        | Noticed a hell hog
   572 | D        | Killed a hell hog
   572 | D        | Reached skill level 12 in Unarmed Combat
   572 | D        | Reached XP level 9. HP: 19/100 MP: 8/8
   575 | D        | HP: 4/150 [burnt (6)]
   576 | D        | Incinerated by a hell hog

Action                   |  1- 3 |  4- 6 |  7- 9 || total
-------------------------+-------+-------+-------++-------
Melee: Unarmed           |     3 |    16 |    32 ||    51
Invok: Berserk           |     1 |       |     3 ||     4
  Use: Scroll            |       |       |     1 ||     1
  Eat: Chunk             |       |       |    12 ||    12
